 Dungeon Crawl Stone Soup version 0.31-a0-236-g9a0961fb85 (webtiles) character file.

Game seed: 15433417049444360541

5826 Mahakala the Jinx (level 10, -1/49 HPs)
             Began as a Spriggan Enchanter on July 11, 2023.
             Was an Initiate of Dithmenos.
             Slain by a black mamba (12 damage)
             ... on level 1 of the Lair of Beasts.
             The game lasted 00:37:02 (10512 turns).

Mahakala the Jinx (Spriggan Enchanter)             Turns: 10512, Time: 00:37:03

Health: -1/49      AC:  2    Str:  4    XL:     10   Next: 51%
Magic:  14/17      EV: 22    Int: 21    God:    Dithmenos [......]
Gold:   563        SH:  0    Dex: 16    Spells: 3/17 levels left

rFire   . . .        a - +2 dagger
rCold   . . .        (no shield)
rNeg    . . .        b - +0 robe
rPois   .            (helmet restricted)
rElec   .            (no cloak)
rCorr   .            (gloves unavailable)
SInv    +            (boots unavailable)
Will    +....        (no amulet)
Stlth   ++++         i - ring of wizardry
HPRegen 0.28/turn    (no ring)
MPRegen 0.15/turn

%: wizardry (x1)
@: very quick
A: very small, no large weapons, unfitting armour, see invisible, speed 3
a: Renounce Religion


You were on level 1 of the Lair of Beasts.
You worshipped Dithmenos.
Dithmenos was noncommittal.
You visited 3 branches of the dungeon, and saw 10 of its levels.

You collected 563 gold pieces.

Inventory:

Hand Weapons
 a - a +2 dagger (weapon)
Missiles
 g - 14 boomerangs
 j - 71 stones
 n - 23 poisoned darts
 A - a throwing net {!f}
Armour
 b - a +0 robe (worn)
Jewellery
 i - a ring of wizardry (left hand)
 r - a ring of flight
 u - a ring of fire
 y - a +4 ring of protection
Wands
 t - a wand of flame (10)
 x - a wand of acid (7)
 E - a wand of polymorph (12)
Scrolls
 e - 2 scrolls of enchant armour {unknown}
 f - 4 scrolls of teleportation {@r4}
 k - 2 scrolls of enchant weapon
 o - a scroll of revelation
 q - a scroll of vulnerability {unknown}
 w - a scroll of noise {unknown}
 z - a scroll of immolation
 B - a scroll of poison {unknown}
 D - a scroll of amnesia {unknown}
 F - a scroll of fear {unknown}
Potions
 c - 2 potions of invisibility
 d - a potion of cancellation
 h - a potion of resistance
 l - a potion of magic
 m - a potion of heal wounds {unknown}
 p - 2 potions of brilliance
 s - a potion of attraction {unknown}
 v - 2 potions of might
 C - a potion of enlightenment {unknown}


   Skills:
 - Level 3.0 Fighting
 - Level 7.0 Short Blades
 + Level 8.5 Dodging
 - Level 9.0 Stealth
 - Level 4.1 Spellcasting
 - Level 11.0 Hexes
 - Level 4.0 Transmutations
 - Level 2.0 Ice Magic
 - Level 2.0 Poison Magic
 - Level 4.0 Invocations
 - Level 4.0 Evocations


You had 3 spell levels left.
You knew the following spells:

 Your Spells              Type           Power      Damage    Failure   Level
a - Ensorcelled Hibernat  Hex/Ice        62%        N/A       1%          2
b - Confusing Touch       Hex            50%        N/A       1%          3
c - Tukima's Dance        Hex            50%        N/A       1%          3
d - Dazzling Flash        Conj/Hex       54%        N/A       1%          3
e - Spider Form           Tmut/Pois      16%        N/A       4%          3

Your spell library contained the following spells:

 Spells                   Type           Power      Damage    Failure   Level
 Kiss of Death            Conj/Necr      16%        2d6       4%          1
 Scorch                   Fire           8%         2d5       8%          2
 Anguish                  Hex/Necr       13%        N/A       4%          4
 Dispel Undead            Necr           4%         3d7       41%         4
 Flame Wave               Conj/Fire      4%         2d5       41%         4
 Summon Cactus Giant      Summ           2%         N/A       99%         6


Dungeon Overview and Level Annotations

Branches:
Dungeon (8/15)             Temple (1/1) D:7            Lair (1/5) D:8

Altars:
Ashenzari
Cheibriados
Dithmenos
Elyvilon
Fedhas
Gozag
Hepliaklqana
Makhleb
Okawaru
Qazlal
Ru
Sif Muna
Trog
Uskayaw
Vehumet
Wu Jian
Xom
Yredelemnul
The Shining One

Shops:
D:5 [

Portals:
Gauntlet: Lair:1

Annotations:
D:5 Menkaure


Innate Abilities, Weirdness & Mutations

You are very small and have problems with some larger weapons.
You are too small for most types of armour.
You have supernaturally acute eyesight. (SInv)
You cover ground extremely quickly. (Speed+++)


Message History

You hear the loud beating of a distant drum.
You start resting.
HP restored.
You open the door.
There is an open door here.
There is an open door here.
The rime drake hisses angrily.
The water moccasin hisses angrily.
You hit the water moccasin.
The water moccasin is lightly wounded.
You hear the thunderous beating of a distant drum.
The water moccasin completely misses you.
Aiming: Ensorcelled Hibernation (safe; 1% risk of failure)
Press: ? - help, Q - select action, (/) - cycle Shift-Dir - straight line, f - water moccasin
Aim: a water moccasin (lightly wounded, chance to affect: 61%)
The water moccasin looks drowsy...
The helpless water moccasin fails to defend itself.
You spit the water moccasin like a pig!!!
You kill the water moccasin!
Dithmenos accepts your kill. The rime drake breathes ice at you.
The icy flash freeze hits you!!
You are encased in ice.
The black mamba hisses angrily.
The black mamba misses you. The black mamba bites you!
* * * LOW HITPOINT WARNING * * *
There is an open door, spattered with blood here.
The black mamba attacks as you move away!
The black mamba barely misses you.
The black mamba attacks as you move away!
The black mamba bites you.
* * * LOW HITPOINT WARNING * * *
The black mamba misses you.
Aiming: Ensorcelled Hibernation (safe; 1% risk of failure)
Press: ? - help, Q - select action, (/) - cycle Shift-Dir - straight line, f - black mamba
Aim: a black mamba (chance to affect: 61%)
The black mamba resists with significant effort.
The ice encasing you melts away. The black mamba misses you.
The black mamba bites you!
You die...

#.......# #.# #.......#
##.#
#.......#######..#####
#..........#P.........
##.......+......#..####
#P.......###.##.#..#
##.......P#######.##
#####'#### ##..# #@.#
####..## # ##S#
#..#.+####
##.#.k######.......#
#.........##.......##
#........+.........'.
#.^......#.P......†##
#.........##.......#
..........###.......#
#.+........# #.......#


You could see a black mamba and a rime drake.

Vanquished Creatures
  A two-headed ogre (D:8)
  An elephant (Lair:1)
  A dancing weapon (D:7)
  A komodo dragon (Lair:1)
  Sigmund (D:6)
  4 yaks
  7 water moccasins
  Duvessa (D:7)
  A sky beast (D:7)
  An ice beast (D:5)
  4 orc warriors
  3 ogres
  2 black bears (D:6)
  A centaur (D:7)
  3 phantoms
  2 kobold brigands
  4 bullfrogs
  3 scorpions
  4 wights (D:7)
  Dowan (D:7)
  3 killer bees (D:8)
  A howler monkey (D:4)
  3 jellies
  5 orc priests
  2 sleepcaps (D:6)
  4 iguanas
  9 orc wizards
  3 gnolls (D:4)
  8 adders
  A white imp (D:7)
  2 worms
  2 dart slugs
  21 orcs
  8 endoplasms
  3 giant cockroaches
  7 hobgoblins
  6 jackals
  15 kobolds
  A quokka (D:3)
  3 ball pythons
  4 bats
  3 frilled lizards (D:3)
  4 goblins
  6 rats
170 creatures vanquished.

Vanquished Creatures (collateral kills)
  A wight (D:7)
  An orc (D:3)
2 creatures vanquished.

Vanquished Creatures (others)
  2 dancing weapons
  An orc priest (D:8)
  An orc (D:8)
4 creatures vanquished.

Grand Total: 176 creatures vanquished

Notes
Turn   | Place    | Note
-------+----------+-------------------------------------------
     0 | D:1      | Mahakala the Spriggan Enchanter began the quest for the
                  | Orb.
     0 | D:1      | Reached XP level 1. HP: 9/9 MP: 5/5
   407 | D:1      | Reached XP level 2. HP: 13/13 MP: 6/6
   415 | D:1      | Learned a level 2 spell: Ensorcelled Hibernation
   440 | D:1      | Found a faded altar of an unknown god.
  1016 | D:2      | Reached XP level 3. HP: 12/16 MP: 0/8
  1638 | D:3      | Learned a level 3 spell: Confusing Touch
  1652 | D:3      | Found a bloodstained altar of Trog.
  1726 | D:3      | Reached skill level 4 in Hexes
  1816 | D:3      | Noticed a phantom
  1837 | D:3      | Killed a phantom
  1838 | D:3      | Reached skill level 5 in Hexes
  1838 | D:3      | Reached XP level 4. HP: 21/21 MP: 6/10
  1838 | D:3      | Reached XP level 5. HP: 24/24 MP: 6/11
  2032 | D:3      | Learned a level 3 spell: Tukima's Dance
  2176 | D:3      | Reached skill level 1 in Fighting
  2226 | D:3      | Found a shimmering blue altar of Sif Muna.
  2591 | D:3      | Became a worshipper of Sif Muna the Loreminder
  3317 | D:4      | Reached XP level 6. HP: 30/30 MP: 13/13
  3882 | D:4      | Reached skill level 5 in Short Blades
  4187 | D:4      | Reached XP level 7. HP: 29/35 MP: 6/14
  4411 | D:5      | Entered Level 5 of the Dungeon
  4423 | D:5      | Reached skill level 5 in Stealth
  4442 | D:5      | Noticed Menkaure
  4479 | D:5      | Learned a level 3 spell: Dazzling Flash
  4646 | D:5      | Found Sile's Antique Armour Boutique.
  4944 | D:5      | Reached * piety under Sif Muna
  5016 | D:5      | Reached skill level 1 in Invocations
  5704 | D:5      | Reached XP level 8. HP: 39/39 MP: 12/15
  6232 | D:6      | Found an opulent altar of Gozag.
  6232 | D:6      | Found a blossoming altar of Fedhas.
  6234 | D:6      | Noticed Sigmund
  6345 | D:6      | Reached skill level 1 in Ice Magic
  6513 | D:6      | Reached skill level 6 in Hexes
  6666 | D:6      | Reached skill level 7 in Hexes
  6874 | D:6      | Found a white marble altar of Elyvilon.
  7026 | D:6      | Reached skill level 5 in Dodging
  7244 | D:6      | Found an ornate altar of the Wu Jian Council.
  7263 | D:6      | Reached XP level 9. HP: 44/44 MP: 16/16
  7399 | D:6      | Reached ** piety under Sif Muna
  7679 | D:6      | Found a sacrificial altar of Ru.
  7892 | D:6      | Killed Sigmund
  7970 | D:7      | Noticed Duvessa
  7970 | D:7      | Noticed Dowan
  7971 | D:7      | Killed Duvessa
  7974 | D:7      | Killed Dowan
  8081 | D:7      | Reached skill level 8 in Hexes
  8375 | D:7      | Learned a level 3 spell: Spider Form
  8446 | D:7      | Reached skill level 1 in Transmutations
  8446 | D:7      | Reached skill level 1 in Poison Magic
  8948 | D:7      | Found a burning altar of Makhleb.
  9240 | D:7      | Found a staircase to the Ecumenical Temple.
  9249 | Temple   | Entered the Ecumenical Temple
  9309 | Temple   | Fell from the grace of Sif Muna
  9309 | Temple   | Became a worshipper of Dithmenos the Shadowed
  9396 | D:8      | Reached skill level 9 in Hexes
  9537 | D:8      | Reached XP level 10. HP: 49/49 MP: 12/17
  9593 | D:8      | Found a staircase to the Lair.
  9671 | D:8      | Reached skill level 10 in Hexes
  9687 | D:8      | Reached skill level 1 in Evocations
  9787 | D:8      | Noticed a two-headed ogre
  9794 | D:8      | Killed a two-headed ogre
 10062 | D:8      | Found a shimmering altar of Xom.
 10182 | Lair:1   | Entered Level 1 of the Lair of Beasts
 10182 | Lair:1   | Found a gate leading to a gauntlet.
 10319 | Lair:1   | Noticed an elephant
 10319 | Lair:1   | Noticed an elephant
 10319 | Lair:1   | Noticed an elephant
 10320 | Lair:1   | Noticed an elephant
 10322 | Lair:1   | Noticed an elephant
 10339 | Lair:1   | Killed an elephant
 10340 | Lair:1   | Reached skill level 11 in Hexes
 10435 | Lair:1   | Noticed a black mamba
 10512 | Lair:1   | Slain by a black mamba

Illustrated notes

Levels and vault maps discovered:
D:1:      wander_arrival_chamber, layout_loops_ring,
          hellmonk_ecumenical_altar_inner_sanctum
D:2:      layout_loops_ring, serial_bayou_pond_a, minmay_misc_feat_secret_circle
D:3:      layout_loops_ring, nicolae_sif_muna_little_library,
          old_standard_altar, kennysheep_doodads, kennysheep_generic_room_6
D:4:      layout_basic
D:5:      layout_basic, serial_shops, shop, serial_bayou_lagoon_a, uniq_menkaure
D:6:      layout_basic, old_standard_altar, nicolae_overflow_two_pavilions,
          nicolae_overflow_hidden_temple, mainiacjoe_overflow_surrounded_room,
          uniq_sigmund
D:7:      minmay_inner_zag, layout_cave_pools,
          mainiacjoe_overflow_six_doors_small, temple_hall, uniq_duvessa
D:8:      layout_cave_pools, mainiacjoe_overflow_chevrons, dpeg_oklobed_lair,
          lemuel_flamethrower_2
Temple:   cyrus_temple_forest
Lair:1:   layout_roguey, gauntlet_entry_generic, ebering_ghost_xom,
          lemuel_fruit_fields

Skill      XL: |  1  2  3  4  5  6  7  8  9 10 |
---------------+-------------------------------+-----
Short Blades   | 2 3 4 5 6 7 |  7.0
Hexes          | 5 7 9 11 | 11.0
Spellcasting   | 3 4 |  4.1
Fighting       | 2 3 |  3.0
Dodging        | 4 5 7 8 |  8.5
Stealth        | 7 9 |  9.0
Invocations    | 3 4 |  4.0
Ice Magic      | 2 |  2.0
Transmutations | 4 |  4.0
Poison Magic   | 2 |  2.0
Evocations     | 4 |  4.0

Action                     |  1- 3 |  4- 6 |  7- 9 | 10-12 || total
---------------------------+-------+-------+-------+-------++-------
  Melee: Dagger            |   107 |   113 |   251 |    30 ||   501
         Punch             |     1 |     1 |     7 |     1 ||    10
         Unarmed           |       |       |     2 |       ||     2
   Cast: Ensorcelled Hiber |    14 |    32 |    85 |     7 ||   138
         Confusing Touch   |     1 |       |    15 |     2 ||    18
         Tukima's Dance    |       |     2 |     4 |       ||     6
         Spider Form       |       |       |     1 |       ||     1
    Use: Scroll            |       |       |       |     8 ||     8
   Stab: Sleeping          |    19 |    24 |    55 |    14 ||   112
         Confused          |     2 |       |    14 |     2 ||    18
         Distracted        |       |       |     2 |       ||     2
 Armour: Robe              |    11 |     8 |     7 |     1 ||    27
         Skin              |       |       |     1 |       ||     1
  Dodge: Dodged            |    58 |    73 |   119 |    22 ||   272

Table legend: (Time is in decaauts)
 A = Elapsed time spent in this place.
 B = Non-inter-level travel time spent in this place.
 C = Inter-level travel time spent in this place.
 D = Time resting spent in this place.
 E = Time spent auto-exploring this place.
 F = Levels seen in this place.
 G = Mean time per level.
                   A        B        C        D        E       F      G
               +--------+--------+--------+--------+--------+-----+--------+
         Total |   7689 |   7400 |    289 |   1634 |   3623 |  10 |  768.9 |
       Dungeon |   7380 |   7101 |    279 |   1512 |   3585 |   8 |  922.5 |
        Temple |     51 |     42 |      9 |      0 |      0 |   1 |   51.0 |
          Lair |    257 |    257 |      0 |    122 |     38 |   1 |  257.0 |
               +--------+--------+--------+--------+--------+-----+--------+

Top non-repeatable levels by time:
     D:5: 1362 daAuts
     D:6: 1221 daAuts
     D:4: 1187 daAuts
     D:7: 1092 daAuts
     D:3: 794 daAuts
     D:2: 728 daAuts
     D:8: 530 daAuts
     D:1: 463 daAuts
  Lair:1: 257 daAuts
  Temple: 51 daAuts
